 Dungeon Crawl Stone Soup version 0.30.1-9-gdf580d7c3d (webtiles) character file.

Game seed: 8709486503781849983

84 p00ps00p the Trooper (level 4, -2/41 HPs)
             Began as a Hill Orc Fighter on Oct 15, 2023.
             Killed by divine providence
             ... invoked by an orc priest
              (16 damage)
             ... on level 3 of the Dungeon.
             The game lasted 00:05:04 (1445 turns).

p00ps00p the Trooper (Hill Orc Fighter)             Turns: 1445, Time: 00:05:04

Health: -2/41      AC:  7    Str: 20    XL:     4   Next: 45%
Magic:  4/4        EV:  9    Int:  8    God:
Gold:   129        SH:  5    Dex: 10    Spells: 3/3 levels left

rFire   . . .        a - +0 war axe
rCold   . . .        c - +1 buckler
rNeg    . . .        b - +0 scale mail
rPois   .            (no helmet)
rElec   .            (no cloak)
rCorr   .            (no gloves)
SInv    .            (no boots)
Will    .....        (no amulet) Stlth
                     (no ring)
HPRegen 0.26/turn    (no ring)
MPRegen 0.09/turn

%: no passive effects
@: no status effects
A: no striking features
a: Convert to Beogh


You were on level 3 of the Dungeon.
You visited 1 branch of the dungeon, and saw 3 of its levels.

You collected 129 gold pieces.

Inventory:

Hand Weapons
 a - a +0 war axe (weapon)
Missiles
 g - 16 stones (quivered)
Armour
 b - a +0 scale mail (worn)
 c - a +1 buckler (worn)
Wands
 m - a wand of flame (27)
Scrolls
 e - a scroll of blinking
 i - a scroll of amnesia
 n - a scroll of fog {unknown}
Potions
 d - a potion of might
 f - a potion of lignification
 h - a potion of degeneration {unknown}
 j - a potion of ambrosia
 k - a potion of curing
 l - 2 potions of mutation


   Skills:
 + Level 4.4 Fighting
 + Level 3.7 Axes
 + Level 4.0 Armour
 + Level 4.0 Shields


You had 3 spell levels left.
You didn't know any spells.
Your spell library contained the following spells:

 Spells                   Type           Power      Damage    Failure   Level
 Freeze                   Ice            0%         1d3       83%         1
 Ensorcelled Hibernation  Hex/Ice        0%         N/A       92%         2
 Frozen Ramparts          Ice            0%         1d1       99%         3
 Hailstorm                Conj/Ice       0%         3d3       99%         3
 Ozocubu's Armour         Ice            0%         N/A       99%         3
 Ozocubu's Refrigeration  Ice            0%         4d7       100%        7


Dungeon Overview and Level Annotations

Branches:
Dungeon (3/15)

Altars:

Shops:
D:1 *

Annotations:
D:2 Sigmund


Message History

The jackal closely misses you. The bat barely misses you.
The jackal bites you but does no damage.
The bat barely misses you.
A kobold comes into view. It is wielding a +0 club.
The kobold shouts!
You slash the bat!
You kill the bat!
You slash the orc!
You kill the orc!
You miss the jackal.
The jackal bites you but does no damage.
The orc priest invokes the aid of Beogh against you.
You barely resist. You block the jackal's attack.
Your Armour skill increases to level 4!
The orc priest shouts, "Join the one true god or die!"
You slash the jackal!
You kill the jackal!
The orc priest barely misses you.
Your Shields skill increases to level 4!
You hit the orc priest.
The orc priest is moderately wounded.
You hit the orc priest.
The orc priest hits you with a +0 dagger. x2
Unknown command.
You hit the orc priest.
The orc priest is severely wounded.
You hit the orc priest.
The orc priest shouts, "Surrender to Beogh and we'll let you live!"
The orc priest invokes the aid of Beogh against you.
Beogh smites you! You block the orc priest's attack.
Unknown command.
The orc priest shouts, "Surrender to Beogh and we'll let you live!"
You hit the orc priest but do no damage.
The orc priest is severely wounded.
You slash the orc priest!
The orc priest shouts, "Surrender to Beogh and we'll let you live!"
The orc priest closely misses you.
The orc priest mumbles some strange prayers to Beogh against you.
Beogh smites you!
You die...

#############
#....)@.....#
......ooo....#
......K......###
...............#########
.......................#
........................
....#######.............
...) #................
.##.......####+###.


You could see 2 orc priests, an orc and a kobold.

Vanquished Creatures
  2 adders
  3 dart slugs (D:1)
  2 orcs (D:3)
  4 endoplasms
  2 giant cockroaches (D:1)
  6 goblins
  A hobgoblin (D:1)
  7 jackals
  3 kobolds
  5 quokkas (D:1)
  5 ball pythons (D:1)
  7 bats
  2 frilled lizards
  5 rats
54 creatures vanquished.

Notes
Turn   | Place    | Note
-------+----------+-------------------------------------------
     0 | D:1      | p00ps00p the Hill Orc Fighter began the quest for the Orb.
     0 | D:1      | Reached XP level 1. HP: 19/19 MP: 1/1
   172 | D:1      | Reached XP level 2. HP: 22/27 MP: 2/2
   239 | D:1      | Found Weboneu's General Store.
   480 | D:1      | Reached XP level 3. HP: 33/33 MP: 3/3
   636 | D:1      | Got the Octavo of Ice
  1108 | D:2      | Reached XP level 4. HP: 26/40 MP: 4/4
  1365 | D:2      | Noticed Sigmund
  1445 | D:3      | Killed from afar by an orc priest

Illustrated notes

Levels and vault maps discovered:
D:1:      lemuel_arrival_lava_pool, layout_loops_corners, serial_shops, shop
D:2:      layout_basic, uniq_sigmund
D:3:      layout_basic, cheibrodos_sewer_entry_sluice

Skill      XL: |  1  2  3  4 |
---------------+-------------+-----
Axes           | 3 |  3.7
Fighting       | 4 |  4.4
Armour         | 4 |  4.0
Shields        | 4 |  4.0

Action                     |  1- 3 |  4- 6 || total
---------------------------+-------+-------++-------
  Melee: War axe           |    83 |    42 ||   125
    Use: Scroll            |       |     8 ||     8
 Armour: Scale mail        |    40 |    49 ||    89
  Dodge: Dodged            |    40 |    32 ||    72
  Block: Buckler           |    28 |    18 ||    46
